Map: Lightshade LE

Players

Solar

  • Race: Zerg Zerg
  • League: Master
  • Spawn Location: 11:00

Rogue - Winner!

  • Race: Zerg Zerg
  • Spawn Location: 5:00

Event: TSL 6

VOD

Have the link to the VOD?

Description

Time

  • Played on: Dec. 12, 2020, 12:40 p.m.
  • Length: 6:56

All games in this series

Show
View Real Time Build Order
Export as new Build Order

Solar Zerg 

Build Orders: Hatch First 

Get SALT Encoding   

  12  0:00  Drone  
  13  0:12  Overlord  
  13  0:16  Drone  
  14  0:31  Drone x2  
  16  0:47  Hatchery  
  15  0:51  Drone  
  15  0:55  Drone  
  17  0:58  Drone  
  18  1:09  Extractor  
  17  1:13  Spawning Pool  
  17  1:16  Drone  
  17  1:20  Drone  
  18  1:28  Drone  
  19  1:39  Drone  
  20  2:00  Zergling x6, Queen x2  
  27  2:12  Overlord  
  27  2:14  Zergling x2, Metabolic Boost  
  28  2:31  Drone x2  
  28  2:32  Drone  
  28  2:34  Drone  
  32  2:41  Baneling Nest  
  33  2:44  Overlord  
  33  2:57  Drone x3  
  35  3:05  Drone x2  
  35  3:08  Drone x3  
  35  3:09  Drone  
  39  3:14  Zergling x4  
  39  3:16  Overlord  
  42  3:20  Lair  
  42  3:23  Drone  
  42  3:25  Extractor  
  42  3:27  Drone  
  42  3:29  Overlord  
  43  3:41  Drone x7  
  50  3:52  Overlord  
  50  3:53  Extractor, Drone  
  50  3:54  Extractor  
  49  4:06  Drone x2  
  51  4:16  Drone x4  
  55  4:17  Zergling x2  
  55  4:18  Zergling x6  
  55  4:19  Spire  
  55  4:21  Overseer  
  58  4:26  Overlord  
  58  4:29  Overlord  
  58  4:37  Overlord  
  58  4:40  Drone  
  58  4:44  Spine Crawler  
  58  4:47  Spine Crawler  
  58  4:48  Spine Crawler  
  56  4:57  Spine Crawler, Drone  
  56  4:58  Drone  
  56  4:59  Spine Crawler  
  56  5:18  Drone x2  
  56  5:19  Zergling x4  
  56  5:20  Spine Crawler  
  59  5:31  Mutalisk x8  
  59  5:32  Spine Crawler  
  73  5:43  Mutalisk  
  73  5:44  Spine Crawler x2  
  73  5:48  Mutalisk  
  75  5:50  Zergling x2  
  75  5:51  Zergling x2  
  75  5:53  Spine Crawler, Drone x2  
  78  5:58  Mutalisk  
  79  6:07  Mutalisk  
  79  6:09  Zergling x8  
  80  6:16  Mutalisk  
  76  6:21  Zergling x8  
  76  6:27  Mutalisk  
  76  6:28  Zergling x2  
  73  6:35  Drone x2  
Show
View Real Time Build Order
Export as new Build Order

Rogue Zerg - Winner!

Build Orders: Pool First, Roach Nydus 

Get SALT Encoding   

  12  0:00  Drone  
  13  0:12  Overlord  
  13  0:17  Drone  
  14  0:31  Drone x2  
  16  0:39  Spawning Pool  
  15  0:44  Drone  
  15  0:47  Drone  
  17  1:08  Hatchery  
  17  1:10  Drone  
  17  1:25  Extractor  
  16  1:26  Zergling x4  
  16  1:28  Zergling x2  
  16  1:31  Queen  
  21  1:38  Overlord  
  21  1:49  Drone  
  22  2:00  Drone  
  23  2:06  Queen  
  25  2:11  Drone  
  26  2:20  Drone  
  27  2:24  Queen, Drone  
  30  2:32  Drone x2  
  32  2:38  Overlord  
  32  2:40  Drone x2  
  32  2:42  Drone  
  35  2:45  Drone  
  36  2:58  Evolution Chamber  
  35  3:02  Drone x2  
  35  3:05  Drone  
  38  3:12  Drone x4  
  42  3:14  Drone x2  
  42  3:18  Lair  
  44  3:23  Zerg Missile Weapons Level 1  
  44  3:29  Roach Warren  
  44  3:32  Drone  
  44  3:36  Overlord  
  44  3:39  Evolution Chamber  
  43  3:43  Drone  
  43  3:47  Overlord  
  43  3:53  Extractor x2, Drone  
  43  3:54  Drone x5  
  47  3:57  Drone  
  47  3:58  Drone  
  47  4:01  Drone  
  50  4:07  Drone  
  51  4:15  Overlord  
  51  4:16  Glial Reconstitution  
  51  4:17  Overseer  
  51  4:18  Roach x2  
  51  4:21  Overlord  
  51  4:23  Roach  
  57  4:25  Roach  
  57  4:28  Overlord  
  59  4:35  Roach x3  
  65  4:40  Queen  
  67  4:47  Queen  
  69  4:56  Nydus Network  
  69  4:59  Roach x2  
  72  5:01  Roach  
  72  5:02  Overlord  
  72  5:04  Roach  
  78  5:07  Roach  
  78  5:09  Overlord  
  78  5:11  Roach  
  78  5:13  Roach  
  82  5:24  Queen  
  82  5:26  Roach, Overseer  
  82  5:27  Roach x2  
  90  5:32  Nydus Canal  
  90  5:37  Roach  
  90  5:41  Roach x2  
  94  5:43  Roach  
  94  5:44  Evolution Chamber  
  95  5:50  Roach x2  
  99  5:57  Spore Crawler  
  99  5:58  Roach x2  
  99  5:59  Spore Crawler  
  99  6:02  Roach  
  99  6:06  Queen  
  99  6:10  Queen  
  99  6:14  Roach  
  97  6:19  Roach  
  97  6:22  Roach  
  99  6:28  Roach  
  99  6:32  Overlord  
  91  6:33  Roach x2  
  91  6:34  Roach  
  91  6:38  Spore Crawler x2  
Tags
 
Event
TSL 6
League
Master
Matchup
ZvZ
Race
Zerg
Spawn Locations
Cross Positions
Strategy
Roach Nydus
Add a new tag
Caveats
  • Supply blocks, unpowered buildings, or Contaminate may cause inaccurate times.
  • Supply counts are checked every 10 seconds.